 Dungeon Sprint DCSS version 0.23-a0-539-g3f6f39f (webtiles) character file.

431 JosiahThimblerig the Fighter (level 7, -2/70 HPs)
             Began as a Hill Orc Fighter on Dec 7, 2018.
             Was an Initiate of Vehumet.
             Succumbed to Sonja's curare-tipped needle
             ... in the Dungeon (Sprint I: "Red Sonja") on Dec 8, 2018.
             The game lasted 00:04:49 (372 turns).

JosiahThimblerig the Fighter (Hill Orc Fighter)      Turns: 372, Time: 00:04:49

Health: -2/70      AC:  6    Str: 24    XL:     7   Next: 0%
Magic:  7/7        EV: 10    Int:  9    God:    Vehumet [......]
Gold:   13         SH: 11    Dex: 11    Spells: 6/6 levels left

rFire    . . .     SeeInvis .   a - +0 war axe
rCold    . . .     Gourm    .   c - +0 shield
rNeg     . . .     Faith    .   s - -1 ring mail (curse)
rPois    .         Spirit   .   (no helmet)
rElec    .         Reflect  .   (no cloak)
rCorr    .         Harm     .   (no gloves)
MR       .....     NoTele   +   (no boots)
Stlth    +.........             (no amulet)
HPRegen  0.21/turn              (no ring)
MPRegen  0.10/turn              (no ring)

@: mighty, lethally poisoned (-2 -> -29), hasted and slowed
A: no striking features
a: Renounce Religion


You were in the Dungeon.
You worshipped Vehumet.
Vehumet was noncommittal.
You were not hungry.

You visited 1 branch You collected 307 gold pieces.
You spent 294 gold pieces at shops.

Inventory:

Hand Weapons
 a - a +0 war axe (weapon)
 n - a +0 club
 p - a +0 scythe
 r - a +0 flail
Armour
 b - a +0 scale mail
 c - a +0 shield (worn)
 o - a +0 ring mail
 q - a +0 robe
 s - a cursed -1 ring mail (worn)
Wands
 l - a wand of digging (9)
Scrolls
 k - a scroll of blinking
 t - a scroll of identify {unknown}
 u - a scroll of enchant weapon {unknown}
Potions
 i - 2 potions of magic
 j - 2 potions of berserk rage
Comestibles
 f - a ration
 m - 15 chunks of flesh


   Skills:
 + Level 9.1 Fighting
 + Level 8.7 Axes
 + Level 9.0 Armour
 + Level 1.8 Dodging
 + Level 8.8 Shields


You had 6 spell levels left.
You didn't know any spells.
Your spell library was empty.

Dungeon Overview and Level Annotations

Branches:
Dungeon (1/1)

Altars:
Cheibriados
Dithmenos
Elyvilon
Fedhas
Gozag
Hepliaklqana
Kikubaaqudgha
Nemelex Xobeh
Okawaru
Qazlal
Ru
Sif Muna
Trog
Uskayaw
Vehumet
Wu Jian
Yredelemnul
Zin
The Shining One

Shops:
D *

Annotations:
D Sonja


Message History

* * * LOW HITPOINT WARNING * * *
You feel very sick.
You see here 27 gold pieces.
* * * LOW HITPOINT WARNING * * *
You feel very sick.
Sonja says, "Someone hired me to kill you, but I'm not supposed to say who."
Sonja unwields a +0 blowgun.
Sonja wields a +1 short sword of venom.
It begins to drip with poison!
Sonja hits you with a +1 short sword of venom.
* * * LOW HITPOINT WARNING * * *
Sonja closely misses you. x2
You see here a curare-tipped needle.
You barely miss Sonja.
Sonja is heavily wounded.
* * * LOW HITPOINT WARNING * * *
You feel very sick. Sonja hits you but does no damage.
You block Sonja's attack. x2
You closely miss Sonja.
Sonja is heavily wounded.
You die...

#..'..#..'÷.#..+
#..#####'#####'#
#..####..#...#.#
#..#__####..##.#
#..#_____##'#_.+
#⌠⌠#_.∩...÷..._#
####_..__##_(#+#
#_____###K#
#########@##
+$.$+ #$((#
##.## #+#


You could see Sonja.

Vanquished Creatures
  Sigmund (D)
  A yak (D)
  An ogre (D)
  A jelly (D)
  Ijyb (D)
5 creatures vanquished.

Notes
Turn   | Place    | Note
-------+----------+-------------------------------------------
     0 | D        | JosiahThimblerig the Hill Orc Fighter began the quest for
                  | the Orb.
     0 | D        | Reached XP level 1. HP: 19/19 MP: 1/1
     2 | D        | Noticed Ijyb
    20 | D        | Killed Ijyb
    20 | D        | Reached skill level 5 in Fighting
    20 | D        | Reached XP level 2. HP: 14/29 MP: 2/2
    20 | D        | Reached XP level 3. HP: 18/36 MP: 3/3
   182 | D        | Noticed an ogre
   190 | D        | Killed an ogre
   190 | D        | Reached skill level 5 in Axes
   190 | D        | Reached XP level 4. HP: 43/45 MP: 4/4
   203 | D        | Noticed Sigmund
   216 | D        | Killed Sigmund
   216 | D        | Reached skill level 1 in Dodging
   216 | D        | Reached XP level 5. HP: 48/53 MP: 5/5
   216 | D        | Reached XP level 6. HP: 55/61 MP: 6/6
   253 | D        | Found an ornate altar of the Wu Jian Council.
   253 | D        | Found a deep blue altar of Sif Muna.
   255 | D        | Found a radiant altar of Vehumet.
   265 | D        | Became a worshipper of Vehumet
   304 | D        | Found Xupamasu's Assorted Antiques.
   304 | D        | Found an ancient bone altar of Kikubaaqudgha.
   304 | D        | Found a hazy altar of Hepliaklqana.
   304 | D        | Found a hide-covered altar of Uskayaw.
   304 | D        | Found a basalt altar of Yredelemnul.
   304 | D        | Found an opulent altar of Gozag.
   304 | D        | Found a snail-covered altar of Cheibriados.
   304 | D        | Found a sacrificial altar of Ru.
   304 | D        | Found a shadowy altar of Dithmenos.
   304 | D        | Noticed a yak
   317 | D        | Killed a yak
   317 | D        | Reached XP level 7. HP: 51/70 MP: 7/7
   318 | D        | Found a stormy altar of Qazlal.
   318 | D        | Found a blossoming altar of Fedhas.
   318 | D        | Found a bloodstained altar of Trog.
   318 | D        | Found an iron altar of Okawaru.
   318 | D        | Found a glowing golden altar of the Shining One.
   318 | D        | Found a glowing silver altar of Zin.
   318 | D        | Found a white marble altar of Elyvilon.
   321 | D        | Found a sparkling altar of Nemelex Xobeh.
   325 | D        | Bought a potion of berserk rage for 105 gold pieces
   325 | D        | Bought a runed ring mail for 147 gold pieces
   343 | D        | Bought a scroll labeled MAFYORIARA for 21 gold pieces
   343 | D        | Bought a scroll labeled UFFOANG UDID for 21 gold pieces
   349 | D        | Noticed Sonja
   371 | D        | HP: 1/70 [poisoned by Sonja (curare-tipped needle)]
   372 | D        | Succumbed to Sonja's curare-tipped needle

Vault maps used:
D:        dungeon_sprint_1

Skill      XL: |  1  2  3  4  5  6 |
---------------+-------------------+-----
Fighting       | 5 6 8 9 |  9.1
Axes           | 3 5 6 8 |  8.7
Armour         | 4 6 8 9 |  9.0
Shields        | 4 6 7 8 |  8.8
Dodging        | 1 |  1.8

Action                   |  1- 3 |  4- 6 |  7- 9 || total
-------------------------+-------+-------+-------++-------
Melee: War axe           |    24 |    27 |     8 ||    59
  Use: Potion            |       |       |     4 ||     4
Armor: Scale mail        |    10 |     4 |       ||    14
       Ring mail         |       |       |     3 ||     3
Dodge: Dodged            |    12 |     5 |    16 ||    33
Block: Shield            |     9 |    11 |    15 ||    35

Table legend:
 A = Non-vault XP
 B = Vault XP
 C = Vault XP percentage of total XP
 D = Non-vault monster count
 E = Vault monster count
 F = Vault count percentage of total count
                 A         B        C        D         E       F
            +---------+---------+-------+---------+---------+-------
      Total |       0 |     617 | 100.0 |       0 |       5 | 100.0
            +---------+---------+-------+---------+---------+-------
          D |       0 |     617 | 100.0 |       0 |       5 | 100.0
            +---------+---------+-------+---------+---------+-------
